 Dungeon Crawl Stone Soup version 0.26-a0-663-g36e8fdb655 (webtiles) character file.

Game seed: 1860617123556604461

13 Descartes the Sneak (level 2, 0/14 HPs)
             Began as a Felid Delver on Oct 11, 2020.
             Slain by a jackal (2 damage)
             ... on level 2 of the Dungeon.
             The game lasted 00:01:42 (561 turns).

Descartes the Sneak (Felid Delver)                   Turns: 561, Time: 00:01:43

Health: 0/14       AC:  1    Str:  8    XL:     2   Next: 24%
Magic:  3/3        EV: 18    Int: 11    God:
Gold:   8          SH:  0    Dex: 17    Spells: 1/1 levels left
                                        Lives:  0   Deaths: 0

rFire    . . .     SeeInvis +     - Unarmed
rCold    . . .     Faith    .   (shield unavailable)
rNeg     . . .     Spirit   .   (armour unavailable)
rPois    .         Reflect  .   (helmet unavailable)
rElec    .         Harm     .   (cloak unavailable)
rCorr    .         Rampage  .   (gloves unavailable)
MR       .....                  (boots unavailable)
Stlth    ++++......             (no amulet)
HPRegen  0.04/turn              (no ring)
MPRegen  0.08/turn              (no ring)

@: quick
A: very small, no armour, no weapons or thrown items, stealth, claws 1, fangs 3,
see invisible, speed 1, shaggy fur 1, sharp paws
a: no special abilities


You were on level 2 of the Dungeon.
You visited 1 branch of the dungeon, and saw 4 of its levels.

You collected 8 gold pieces.

Inventory:

Missiles
 i - 27 stones
Wands
 e - a wand of digging (3)
Scrolls
 a - a scroll of fog
 b - a scroll of magic mapping
 c - a scroll of fear
 f - a scroll of blinking {unknown}
 g - a scroll of teleportation {unknown}
Potions
 d - a potion of haste
 h - a potion of lignification {unknown}


   Skills:
 - Level 3.0 Fighting
 + Level 3.0 Dodging
 * Level 7.0 Stealth
 + Level 2.2 Unarmed Combat


You had one spell level left.
You didn't know any spells.
Your spell library was empty.

Dungeon Overview and Level Annotations

Branches:
Dungeon (5/15)
 Temple: D:4-7

Altars:
Xom

Annotations:
D:3 Robin


Innate Abilities, Weirdness & Mutations

You cannot wear armour.
You are incapable of wielding weapons or throwing items.
Your paws allow you to move quietly. (Stealth)
You have sharp claws.
You have razor-sharp teeth.
You have supernaturally acute eyesight. (SInv)
You cover ground quickly.
You are covered in fur. (AC +1)
Your sharp claws are effective at attacking unaware monsters.


Message History

The jackal bites you.
* * * LOW HITPOINT WARNING * * *
You closely miss the jackal. Your bite misses the jackal.
The jackal is heavily wounded.
The jackal closely misses you.
You closely miss the jackal.
The jackal is moderately wounded.
The jackal completely misses you. The jackal barely misses you.
You closely miss the jackal.
The jackal barks!
Your bite misses the jackal.
The jackal is moderately wounded.
The jackal misses you.
You scratch the jackal but do no damage.
You bite the jackal.
The jackal is heavily wounded.
The jackal barely misses you. The jackal bites you.
* * * LOW HITPOINT WARNING * * *
The jackal bites you.
You die...

......# ......#
.########
........# ###
........# ..#
........# #.#
...###### #.#
...### #.#
.....###########@#
..(.........h.Sh.#
(.################
..# ..# ..# ..#
..# ..##


You could see an adder and 2 jackals.

Vanquished Creatures
  3 dart slugs
  A bat (D:2)
  A goblin (D:3)
  A hobgoblin (D:2)
  A frilled lizard (D:4)
7 creatures vanquished.

Notes
Turn   | Place    | Note
-------+----------+-------------------------------------------
     0 | D:5      | Descartes the Felid Delver began the quest for the Orb.
     0 | D:5      | Reached XP level 1. HP: 10/10 MP: 2/2
    36 | D:5      | Noticed a howler monkey
   238 | D:4      | Noticed a worker ant
   249 | D:3      | Noticed Robin
   253 | D:3      | Reached XP level 2. HP: 8/14 MP: 3/3
   438 | D:2      | Reached skill level 7 in Stealth
   512 | D:2      | Found a shimmering altar of Xom.
   561 | D:2      | Slain by a jackal

Illustrated notes

Levels and vault maps discovered:
D:2:      layout_basic, xom_teletrap_fun, zin_angel, tso_metal_star,
          uniq_sigmund, uniq_natasha
D:3:      layout_rooms, fedhas_altar_1, elyvilon_altar_4, uniq_robin
D:4:      layout_loops_cross, kennysheep_slug_shrine, uniq_crazy_yiuf_cottage,
          uniq_menkaure
D:5:      kennysheep_slugbush, layout_gridville, grunt_qazlal_sundering,
          serial_shops, shop_scrolls

Skill      XL: |  1  2 |
---------------+-------+-----
Dodging        | 3 |  3.0
Stealth        | 7 |  7.0
Fighting       | |  3.0
Unarmed Combat | |  2.2

Action                   || total
-------------------------++-------
Melee: Unarmed           ||    48
       Bite              ||     7
 Stab: Sleeping          ||     1
Armor: Skin              ||     3
Dodge: Dodged            ||    52

Table legend: (Time is in decaauts)
 A = Elapsed time spent in this place.
 B = Non-inter-level travel time spent in this place.
 C = Inter-level travel time spent in this place.
 D = Time resting spent in this place.
 E = Time spent auto-exploring this place.
 F = Levels seen in this place.
 G = Mean time per level.
                   A        B        C        D        E       F      G
               +--------+--------+--------+--------+--------+-----+--------+
         Total |    517 |    517 |      0 |    275 |     64 |   4 |  129.2 |
       Dungeon |    517 |    517 |      0 |    275 |     64 |   4 |  129.2 |
               +--------+--------+--------+--------+--------+-----+--------+

Top non-repeatable levels by time:
     D:2: 252 daAuts
     D:5: 207 daAuts
     D:3: 36 daAuts
     D:4: 21 daAuts
